[Event "44th Chess Olympiad Open 2022"]
[Site "Chennai"]
[Date "2022.07.30"]
[Round "2.12"]
[White "Ter-Sahakyan, Samvel"]
[Black "De La Riva Aguado, Oscar"]
[Result "1/2-1/2"]
[WhiteElo "2625"]
[BlackElo "2424"]
[Annotator "TA"]
[PlyCount "57"]
[EventDate "2022.??.??"]
[TimeControl "60"]

1. d4 d5 2. c4 c6 3. Nf3 e6 4. Nc3 dxc4 5. e4 b5 6. Be2 Bb7 7. O-O Nd7 {[%emt 0:03:16] D31: Queen's
Gambit Declined: Semi-Slav without ...Nf6 (+ Marshall Gambit and Noteboom) and
Exchange Variation lines without ...Nf6.} (7... Nf6 $15) 8. d5 $11 cxd5 9. exd5 exd5 {[%emt 0:00:10] [#]
White is slightly better.} 10. Bf4 $146 ({Predecessor:} 10.
Re1 Be7 11. Nxb5 a6 12. Nc3 Ngf6 13. b3 cxb3 14. Qxb3 Nc5 15. Qb1 O-O 16. Be3 {
0-1 (22) Andersen,K (2003)-Pedersen,S (2083) Copenhagen 2013}) 10... a6 11. Nxd5 Bxd5 12. Qxd5 Ngf6 13. Qf5 {[%emt 0:02:40][%cal Ye2c4]
Threatens to win with Bxc4! White has compensation.} Be7 (
13... g6 $5 14. Qh3 Bg7 $14) 14. Rad1 Qb6 15. Ng5 {[%emt 0:10:33][%cal Yd1d7] Hoping for Rxd7!} Rd8 16. b3 cxb3 17. axb3 h6 18. Be3 {[%emt 0:04:32] A strong pair of
Bishops.} Qc7 19. Nf3 O-O 20. Rc1 Qb7 21. Nd4 Qd5 22. Qh3 {[%emt 0:02:04] Bf3 is the strong
threat.} Ne5 23. Nf5 $1 Ng6 {[%emt 0:00:54] 
[#]} 24. Bxh6 $1 gxh6 {[%emt 0:00:10] The position is equal.}
25. Nxh6+ Kg7 {[%emt 0:00:04] And now ... Rfe8 would win.} 26.
Nf5+ Kg8 {[%emt 0:00:06] White must now prevent ...Rfe8.} 27.
Nh6+ Kg7 28. Nf5+ Kg8 29. Nh6+ {[%emt 0:00:23] Weighted Error Value: White=0.06 
(flawless) /Black=0.10 (very precise)} 1/2-1/2

[Event "44th Chess Olympiad Open 2022"]
[Site "Chennai"]
[Date "2022.07.30"]
[Round "2.12"]
[White "Hovhannisyan, Robert"]
[Black "Ribera Veganzones, Serni"]
[Result "1-0"]
[WhiteElo "2591"]
[BlackElo "2203"]
[Annotator "ChessBase"]
[PlyCount "93"]
[EventDate "2022.??.??"]
[TimeControl "60"]

1. e4 c5 2. Nf3 Nc6 3. Nc3 e6 4. d4 cxd4 5. Nxd4 Qc7 6. Be2 Nf6 7. f4 d6 8. Be3 a6 9. Qd2 Be7 10. O-O-O O-O 11. g4 Nxd4 12. Qxd4 e5 13. Qd3 exf4 14. Bxf4 Be6 15. g5 Nd7 16. Nd5 Bxd5 17. Qxd5 Rac8 18. c3 Ne5 19. h4 b5 20. a3 Qc6 21. Kb1 Rfe8 22. Rhf1 Bf8 23. Bxe5 Qxd5 24. Rxd5 Rxe5 25. Rxe5 dxe5 26. Bd1 Bc5 27. Bb3 Rc7 28. h5 Kf8 29. g6 hxg6 30. hxg6 f6 31. Rh1 Ke7 32. Rh7 Ke8 33. Bf7+ Kf8 34. Rh8+ Ke7 35. Re8+ Kd6 36. Rg8 f5 37. Rxg7 f4 38. Rh7 f3 39. g7 f2 40. Rh6+ Ke7 41. g8=Q f1=Q+ 42. Ka2 Rc8 43. Qg5+ Kxf7 44. Rh7+ Ke8 45. Qxe5+ Kd8 46.
Qd5+ Ke8 47. Qd7+ 1-0

[Event "44th Chess Olympiad Open 2022"]
[Site "Chennai"]
[Date "2022.07.30"]
[Round "2.12"]
[White "Henderson de La Fuente, Lance"]
[Black "Sargissian, Gabriel"]
[Result "1/2-1/2"]
[WhiteElo "2490"]
[BlackElo "2698"]
[Annotator "TA"]
[PlyCount "63"]
[EventDate "2022.??.??"]
[TimeControl "60"]

1. e4 e5 2. Nf3 Nc6 3. Bb5 a6 4. Bxc6 dxc6 5. O-O Qf6 6. d4 exd4 7. Qxd4 Qxd4 8. Nxd4 Bd7 9. Nc3 O-O-O 10. Be3 Ne7 {[%emt 0:01:20]
[%cal Yg8e7,Ye7g6,Yg6e5] C68: Ruy Lopez: Exchange Variation, sidelines.} 11.
Rad1 Ng6 12. f3 {[%emt 0:00:00] [#]} Re8 $146
{[%emt 0:04:36] Black is slightly better.} ({Predecessor:} 12... Bd6 13. Nde2
h5 14. Na4 Be6 15. b3 b6 16. h3 Kb7 17. c4 c5 18. Nac3 f6 {½-½ (50) Kamsky,G
(2657)-Moroni,L (2580) Cap d'Agde 2021}) 13. Nb3 b6 14. Nd2 h5 15. Ne2 Ne5 16. b3 c5 17. h3 g6 18. Nf4 Be7 19. Nd5 Bd8 20.
Rfe1 g5 21. Bf2 Rhg8 22. g4 Rh8 23. Bg3 Rh6 24. Kg2 Nc6 25.
Nc4 {[%emt 0:01:51][%cal Yg3c7] Black must now prevent Bxc7!} b5 (25... Reh8 $11) 26. Nce3 $14 {[%emt 0:01:42] 0x0.001b82ddbd04dp-1022s
more active pieces. Pair of Knights!} Nb4 27. c3 Nxd5 28. Rxd5 Rc6 29.
Rdd1 hxg4 30. hxg4 {[%emt 0:00:04] White is
slightly better.} c4 31. bxc4 Be6 32. cxb5 {[%emt 0:01:54] Weighted Error Value:
White=0.08 (flawless) /Black=0.13 (very precise)} 1/2-1/2

[Event "44th Chess Olympiad Open 2022"]
[Site "Chennai"]
[Date "2022.07.30"]
[Round "2.12"]
[White "Ribera Veganzones, Josep Maria"]
[Black "Petrosyan, Manuel"]
[Result "0-1"]
[WhiteElo "2228"]
[BlackElo "2610"]
[Annotator "TA"]
[PlyCount "50"]
[EventDate "2022.??.??"]
[TimeControl "60"]

1. e4 {[%emt 0:00:05] Stohl,I} e5 2. Nf3 Nc6 3. d4 exd4 4. Nxd4 Qf6 5. Be3 Bc5 6. c3 Nge7 7. Bb5 Bb6 {[%emt 0:10:58] C45: Scotch Game.} 8. O-O O-O 9. a4 a5 $5 {[%emt 0:07:18] [#] Leaves
trodden paths.} ({Better is} 9... Qg6 $11) 10. Na3 $146 (10.
Nc2 $14) ({Predecessor:} 10. Nc2 Bxe3 11. Nxe3 d6 12. f4 Qh6 13. Nd2 f5 14.
exf5 Bxf5 15. Nxf5 Nxf5 16. Qf3 {1-0 (35) Najer,E (2659)-Inarkiev,E (2723)
Moscow 2017 CBM 177 [Stohl,I]}) 10... d5 11. Nxc6 bxc6 12. Bxb6 cxb6 13.
Bd3 Be6 14. exd5 Nxd5 15. Qc2 h5 16. Be4 (16. g3 $11 {keeps the balance.}) 16... h4 {
[%emt 0:02:54] Black is more active.} 17. h3 (17. Rfe1 $15)
17... Nf4 $17 {[%emt 0:04:43] Threatens to win with ...Qg5.} 18. Bxc6 $2 {
[%emt 0:18:09] This move loses the game for White.} (18. Kh1 $17 {is a better
chance.}) 18... Bxh3 $19 {[%emt 0:08:22] Black is clearly winning.} 19. Bf3 {
[%emt 0:05:08] [#]} (19. Bxa8 $142 Rxa8 20. Nc4) 19... Bxg2 $1 20. Bxg2 (20. Bg4 Bxf1) 20... Qg5 21. f3 h3 {[%emt 0:00:00] ...Rae8 is the strong
threat. Pin} 22. Rf2 Rae8 {[%emt 0:02:47] Hoping for ...Re6.}
23. Nc4 hxg2 24. Rxg2 Nxg2 25. Qxg2 Qc5+ {[%emt 0:00:06] Weighted Error
Value: White=1.30/Black=0.18 (very precise)} 0-1

[Event "44th Chess Olympiad Open 2022"]
[Site "Chennai"]
[Date "2022.07.30"]
[Round "2.13"]
[White "Maghsoodloo, Parham"]
[Black "Baburin, Alexander"]
[Result "1-0"]
[WhiteElo "2701"]
[BlackElo "2400"]
[Annotator "TA"]
[PlyCount "67"]
[EventDate "2022.??.??"]
[TimeControl "60"]

1. e4 Nf6 2. e5 Nd5 3. d4 d6 4. c4 Nb6 5. f4 g6 6. Nc3 Bg7 7. Nf3 {[%emt 0:00:53] B03: Alekhine's
Defence: Four Pawns Attack.} O-O 8. Be3 Be6 9. b3 {[%emt 0:08:46] White has an edge.} c5 10. dxc5 N6d7 11.
cxd6 exd6 12. Be2 $5 {[%emt 0:05:32] An
interesting side line.} dxe5 13. Rc1 exf4 14. Bxf4 {[%emt 0:00:12] [#]} Qa5 $146 ({
Predecessor:} 14... Nc6 15. O-O Qb6+ 16. Kh1 Rad8 17. Nb5 Nde5 18. Qe1 Qc5 19.
Nc7 Nxf3 20. Bxf3 Bf5 {½-½ (20) Grego,L (2021)-Kaufmann, M (2132) LSS email
2008}) 15. Bd2 Qb6 16. Na4 $1 Qc7 17. Bb4 Re8 18. Bd6 Qd8 19. O-O Nc6 {[%emt 0:00:25] Prevents Nd4.} 20. Kh1 {[%emt 0:08:03] [#]} (20.
Bf4 $15) 20... Bg4 (20... Nf6 $1 $17 21. h3 Bh6) 21. c5 Bf8 22. h3 Bxf3 (22... Bh6 $11) 23. Bxf3 $16 Nde5 (23...
Rc8 $142) 24. Nc3 Qh4 25. Nb5 Bxd6 26. Nxd6 Re7 27. Bd5 Rf8 28. a3 {[%emt 0:
00:50] White is more active.} Kg7 (28... Qd4 $16) 29. b4 $18 a6 30. Qd2 f5 (30... Rd7 {keeps fighting.} 31. Rce1 Qd8 32. Bxc6 Nxc6 33. Qc3+ (33. b5 axb5
34. Qb2+ Kg8 $14) 33... Kg8) 31. Rce1 f4 32.
Re4 Qg3 33. Qe1 {[%emt 0:02:29] [#] Black
must now prevent Bxc6.} ({Resist} 33. Rexf4 Rxf4 34. Qxf4 (34. Rxf4 Nf3 $11)
34... Qxf4 35. Rxf4 Nd3 $18) 33... Qxe1 (33... Qg5 $142 34.
Qe2 h6) 34. Rfxe1 {[%emt 0:00:18] Weighted Error Value: White=0.11 (very
precise) /Black=0.22 (precise)} 1-0

[Event "44th Chess Olympiad Open 2022"]
[Site "Chennai"]
[Date "2022.07.30"]
[Round "2.13"]
[White "Idani, Pouya"]
[Black "O`Gorman, Tom"]
[Result "1-0"]
[WhiteElo "2641"]
[BlackElo "2401"]
[Annotator "TA"]
[PlyCount "91"]
[EventDate "2022.??.??"]
[TimeControl "60"]

1. e4 e5 2. Nf3 Nc6 3. Bb5 a6 4. Ba4 Nf6 5. O-O Be7 6.
Re1 b5 7. Bb3 O-O 8. d3 d6 9. Bd2 {[%emt 0:00:05] C88:
Closed Ruy Lopez: Anti-Marshall Systems.} Rb8 10. h3 {[%emt 0:
00:00] [#]} a5 $146 ({Predecessor:} 10... Nd7 11. a3 Nd4 12.
Ba2 Nc5 13. Nc3 Nxf3+ 14. Qxf3 Be6 15. Bd5 Bd7 16. b4 Ne6 {½-½ (38) Eljanov,
P (2671)-Ponomariov,R (2631) Dortmund 2021}) 11. a4 {[%emt 0:05:15] aiming for
axb5. White is slightly better.} b4 12. Be3 d5 13. Nbd2 (13. exd5 $14 Nxd5 14. Bc1) 13...
Bb7 (13... d4 $5 14. Bg5 Nd7 15. Bxe7 Nxe7 $11) 14. Bg5 dxe4 15. dxe4 Nd7 16. Be3 Nb6 17. Nc4 Nxc4 18. Bxc4 Qd6 19. Bd5 Rfd8 {[%emt 0:10:00] Black is on the road to losing.} (19...
Nd8 $14) 20. Qd3 $16 {[%emt 0:12:46] White is more active.} Qg6 21. Qc4 h6 22. Rad1 Bg5 (22... Bf8 $16) 23. Bxg5 hxg5 {[%emt 0:00:02]
[#]} 24. Nxg5 $1 Qxg5 25. Bxc6 Bxc6 26. Qxc6 Rd2 27.
Qxc7 Rbd8 28. Rxd2 Qxd2 $18
{[%emt 0:04:39] Endgame KQR-KQR} 29. Rf1 Rd6 $2 (29... Ra8 {might work better.} 30. Qc6 (30. Qxe5 Qxc2 31. Qd5 Rc8 $18)
30... Rb8) 30. Qxa5 Qd4 31. c3 bxc3 32. Qxc3 Qxa4 33.
Qxe5 Re6 34. Qf5 Rxe4 (34... Qxe4 {was called for.} 35. Qa5 Rg6) 35. Rc1 g6 36. Qf6 Qd7 37. Qc3 Re8 38. b4 Rb8 39. Qb3 Qb7 40.
b5 {[%emt 0:00:26][%cal Yb5b6] [#] Hoping for b6!} Qe4 $2 (
40... Qb6 41. g3 Kg7) 41. b6 Rb7 42. Rc8+ {
[%emt 0:00:00] White mates.} ({Weaker is} 42. Rc7 Qe1+ 43. Kh2 Qe5+ 44. g3 Qf6
$16) 42... Kh7 43. Qc3 g5 44. Rh8+ Kg6 45. Rg8+ Kf5 46. g4+ {[%emt 0:00:00] Weighted Error
Value: White=0.10 (very precise) /Black=0.53} 1-0

[Event "44th Chess Olympiad Open 2022"]
[Site "Chennai"]
[Date "2022.07.30"]
[Round "2.13"]
[White "Murphy, Conor E"]
[Black "Tabatabaei, M. Amin"]
[Result "1-0"]
[WhiteElo "2404"]
[BlackElo "2664"]
[Annotator "TA"]
[PlyCount "131"]
[EventDate "2022.??.??"]
[TimeControl "60"]

1. e4 c6 2. d4 d5 3. exd5 cxd5 4. Bd3 Nc6 5. c3 e6 6. Nf3 {[%emt 0:03:45] B13: Caro-Kann:
Exchange Variation and Panov-Botvinnik Attack.} Bd6 7. O-O Nge7 8. Re1 {[%emt 0:00:51] White is slightly
better.} O-O {[%emt 0:00:29] [#]} 9. a4 $146 ({Predecessor:} 
9. b3 f6 10. c4 dxc4 11. Bxc4 Kh8 12. Ba3 Nd5 13. Bxd6 Qxd6 14. Nbd2 b6 15. Qe2
{½-½ (74) Antipov,M (2592)-Yoo,C (2548) Saint Louis 2022}) 9... a6 10. h3 Ng6 11. Nbd2 Bd7 12. b4 Qc7 13. Bb2 Rfe8 14. Nb3 a5 15. b5 Nce7 16. Rc1 b6 17. c4 dxc4 18. Rxc4 Qd8 19. Ne5 (
19. Nc5 $5) 19... Bb4 20. Rf1 Nd5 21. Qf3 Qe7 22. Be4 Rac8 23. Rfc1 Rxc4 (23...
Ngf4 {is interesting.} 24. Qd1 f6 25. Nxd7 Rxc4 26. Rxc4 Qxd7 27. Bc1 Ng6) 24.
Rxc4 Rc8 25. Bxd5 exd5 26. Qxd5 Rxc4 $1 27. Qxc4 Nxe5 28. dxe5 Be6 {[%emt 0:
00:07] This bishop pair is nice.} 29. Qd3 h5 30. Nd4 Qd7 (30... Qd8 $11 {remains equal.})
31. Qf3 $16 Bc5 32. Nxe6 fxe6 {[%emt 0:02:18] Endgame KQB-KQB} 33. Bc3 {[%emt 0:01:37] Prevents Qd2.} ({
Don't play} 33. Qxh5 $6 Qd2 34. Qe8+ Kh7 35. Qh5+ Kg8 36. Qe8+ Kh7 37. Qh5+ Kg8
$11) 33... Bb4 (33... Qd8 $16 {was called for.}) 34. Kh2 (34. Bxb4 $18 axb4 35. Qb3 (35. Qxh5 b3 $11)) 34... h4 (34... Bc5 $142) 35. Qa8+ Kf7 36. Qf3+ (36. Bxb4 $142 axb4 37. Qe4) 36... Kg8 {[%emt 0:00:
57] White now steadily converts the win.} 37. Qc6 $1 Qf7 {
[%emt 0:00:09] [#]} (37... Qxc6 $2 38. bxc6 Bxc3 39. f4 $18) 38. Qa8+ $1 ({Weaker is} 38. Qxb6 Bxc3 39. Qd8+ Qf8 40. Qxh4 Bxe5+ 41. Kg1
Qd6 $17) 38... Bf8 {[%emt 0:00:36] [#] Hoping for ...Qf4+.} 39. Qf3 {[%emt 0:
00:41] Against Qf4+. White is more active.} Qxf3 (39... Bc5
$16) 40. gxf3 {[%emt 0:00:02] Bd4 is the strong threat. KB-KB} Be7 41. Bd4 Bd8 42. f4 Kf7 43. f5 exf5 44. f4 Ke6 45. Kg2 Kd5 46.
Bf2 Ke6 47. Kf3 Kd5 48. Ke2 Ke6 49. Kd3 Kd5 50. Be3 Bc7 51.
Bd4 Bd8 52. Bf2 Ke6 53. Kc4 g5 54. fxg5 Kxe5 55. Bxh4 Ke6 56. Kd3 Bc7 57. Ke3 (57. g6
$142 Be5 58. Bd8) 57... Kf7 58. Kf3 {[%emt 0:00:26] White
mates.} Kg6 59. Bg3 Bd8 60.
h4 Be7 61. Bf2 Bd8 62. Be3 Kh5 63. Kf4 Kg6 64. Bd4 Bc7+ 65. Be5 Bd8 66. Bd6 {[%emt 0:00:00] Weighted Error
Value: White=0.10 (very precise) /Black=0.33} 1-0

[Event "44th Chess Olympiad Open 2022"]
[Site "Chennai"]
[Date "2022.07.30"]
[Round "2.13"]
[White "Kanyamarala, Tarun"]
[Black "Mousavi, Seyed Khalil"]
[Result "1/2-1/2"]
[WhiteElo "2379"]
[BlackElo "2537"]
[Annotator "TA"]
[PlyCount "101"]
[EventDate "2022.??.??"]
[TimeControl "60"]

1.
d4 Nf6 2. c4 e6 3. Nc3 Bb4 4. g3 O-O 5. Bg2 d5 6. Nf3 c5 7. cxd5 {[%emt 0:07:25] 7.0-0 is the hot move.} Nxd5 8. Bd2 Nxc3 {[%emt 0:11:18] E20: Nimzo-Indian:
4 g3 and 4 f3.} 9. bxc3 Ba5 10. O-O Nc6 {[%emt 0:00:06] White is slightly better.} 11. Rb1 {[%emt 0:22:31]
[#]} Bb6 $146 ({Predecessor:} 11... Qe7 12. Qa4 Rd8 13. Rfd1
a6 14. Be3 Bxc3 15. dxc5 Rxd1+ 16. Qxd1 e5 17. Qc2 Ba5 {0-1 (36) Medancic,R 
(2287)-Stavrianakis,I (2055) Obrenovac 2005}) 12. e3 Qe7 13. Bc1 cxd4 14. cxd4 Rd8 15. Qb3 (15. Nd2 $5 ) 15... e5 16. Ba3 Qf6 17. dxe5 Nxe5 18. Nxe5 Qxe5 19. Bb2 Qa5 20.
Bc3 Qg5 21. h4 Qg6 22. Be5 (22. a4 $16) 22... Be6 $11 23. Qb5 Rac8 24. Rbd1 Qc2 25. Rxd8+ Rxd8 26. Bxb7 Bc4 27. Qb1 Qd2 28. Re1 Bxa2 29. Qa1 f6 30. Bc3 Qc2 31. Rc1 Qb3 32. Qb2 Rd1+ {[%emt 0:00:
00] The position is equal.} 33. Rxd1 Qxd1+ 34. Kh2 Bd5 {[%emt 0:00:43][%csl Gd5][%cal Rd1h1] [#]} 35. Qa1 Qf3 36. Bxd5+ Qxd5 {[%emt 0:00:04] Endgame KQB-KQB} 37. Qa4 Kf7 {[%emt 0:00:07] Against Qe8+} 38. Bb4 h5 39. Kg1 Kg8 40. Qe8+ Kh7 41. Bf8 Bc5 42. Bxc5 Qxc5 {[%emt 0:01:38] KQ-KQ} 43. Qe4+ g6 44. Qe6 Qf8 {[%emt 0:02:42] Inhibits Qf7+.}
45. e4 Kg7 46. f4 Qc5+ 47. Kg2 Qc2+ 48. Kh3 Qf2 49. Qe7+ Kg8 50. Qe8+ Kg7 51. Qe7+ {[%emt 0:00:07]
Weighted Error Value: White=0.08 (flawless) /Black=0.05 (flawless)} 1/2-1/2

[Event "44th Chess Olympiad Open 2022"]
[Site "Chennai"]
[Date "2022.07.30"]
[Round "2.14"]
[White "Yakubboev, Nodirbek"]
[Black "Nielsen, Hogni Egilstoft"]
[Result "1-0"]
[WhiteElo "2620"]
[BlackElo "2414"]
[Annotator "TA"]
[PlyCount "43"]
[EventDate "2022.??.??"]
[TimeControl "60"]

1. Nf3 Nf6 2. c4 e6 3. Nc3 d5 4. d4 Be7 5. Bf4 a6 6. e3 Nbd7 7. c5 O-O 8. Bd3 Re8 {[%emt 0:00:36] D37: Queen's Gambit Declined: 5 Bf4.} 9. O-O Nf8 {[%emt 0:04:19] [#]} 10. h3 $1 Ng6 {[%emt 0:07:42]
White is better.} 11. Bh2 {[%emt 0:00:18] [#]} Bf8 $146 ({
Predecessor:} 11... c6 12. b4 Nd7 13. e4 dxe4 14. Nxe4 Nf6 15. Nd6 Rf8 16. a3
Nd5 17. Re1 a5 {0-1 (61) Naumov,M (2099)-Khumnorkaew,T (2110) Bangkok 2020})
12. b4 Bd7 13. a4 b6 14. Qc2 bxc5 15. bxc5 ({Don't do} 15. dxc5 Qb8 $16) 15... Bc6 16.
Bxg6 hxg6 17. Ne5 Bb7 18. c6 ({White should play} 18. Rfb1 $18 Rb8
19. Na2) 18... Bc8 $16 19. a5 $36 {[%emt 0:00:13] White is on
the roll. 0x0.0013b9dc48f9dp-1022s more active pieces. The black rooks are
badly placed.} Bd6 20. Rfb1 Kf8 21. Na4 Ng8 $2 {[%emt 0:02:21] [#]} (21... Kg8 22. Rb3
Qe7) 22. Nb6 $1 {[%emt 0:04:53] Weighted Error Value: White=0.05 (flawless) /
Black=0.73} 1-0

[Event "44th Chess Olympiad Open 2022"]
[Site "Chennai"]
[Date "2022.07.30"]
[Round "2.14"]
[White "Vakhidov, Jakhongir"]
[Black "Rodgaard, John"]
[Result "1-0"]
[WhiteElo "2564"]
[BlackElo "2324"]
[Annotator "TA"]
[PlyCount "144"]
[EventDate "2022.??.??"]
[TimeControl "60"]

1. c4 e6 2. Nc3 d5 3. d4 Nf6 4. cxd5 exd5 5. Bg5 c6 6. e3 h6 7. Bh4 Be7 8. Bd3 Ne4 9. Bxe7 {[%emt 0:01:46] D35: Queen's
Gambit Declined: Exchange Variation.} Qxe7 10. Bxe4 dxe4 11. Qc2 {[%emt 0:10:19] The position is equal.}
Bf5 12. Nge2 O-O 13. O-O Nd7 14. Ng3 Bg6
{[%emt 0:04:04] [#]} 15. Ngxe4 $146 (15. Rad1 $14) ({
Predecessor:} 15. Rac1 Nf6 16. h3 Rfd8 17. Qa4 a5 18. a3 b5 19. Qc2 Rac8 20. a4
Qe8 21. Rfd1 {½-½ (61) Ralls,R (2488)-Van Bommel,T (2166) LSS email 2013})
15... Rae8 16. f3 f5 17. Nf2 (17. Qb3+ Bf7 18. Qxb7 fxe4 19. Nxe4 Nb6 20. Qxe7
Rxe7 $17) 17... Qxe3 18. Qb3+ Rf7 (18... Bf7 $5 19. Qxb7 Nb6 $11) 19. Qxb7 Ne5 $1 20. Qb3 Nd7 (20... Qxd4 $11 {
remains equal.} 21. Rad1 Qc5) 21. Qb7 (21. h3 $16) 21... Ne5
$1 $11 22. Qb3 Qxd4 23. Rfe1
{[%emt 0:04:08][%cal Yf1e1,Ye1e2,Ye2d2,Yd2d6] Black must now prevent Rad1.}
Ree7 24. Rad1 Qb6 25. Qxb6 axb6 26. Re2 Nd7 27. Red2 Nf6 28. Rd6 Rc7 29. Na4 b5 30. Nc5 Rfe7 31. Nfd3 Bf7 32. Nb4 Re2 33. R6d2 Rxd2 34. Rxd2 Nd5 35. Nbd3 Re7 36. Kf2 Kf8 37. b3 g5 38. Rc2 Ne3 39. Rc1 Nd5 {[%emt 0:00:00] Prevents Nb4.} 40.
a4 Ra7 $1 41. Ne5 Nb4 42. h4 Bd5 43. hxg5 hxg5 44. Ke3 Ke7 45.
Ned3 {[%emt 0:00:00] Pair of Knights!} (45. Kd4 {seems wilder.} Kd6 46. a5 f4
47. Ned3) 45... f4+ 46. Kd4 Nxd3 47. Kxd3 {[%emt 0:00:10] Endgame KRB-KRN} Kd6 48. a5 g4 49. b4 gxf3 50. gxf3 Re7 51. Kd4 Bxf3 52. Rf1 Re3 53. a6 {
[%emt 0:00:00] White has compensation.} Ra3 {[%emt 0:00:38] Against Ra1} 54.
Rg1 {[%emt 0:00:00] Rg7 is the strong threat.} Ra2 (54... Kc7
$1 $11) 55. Rg7 $14 Rd2+ 56. Kc3 $1 Ra2 57. Rd7+ Ke5 58. Rd2 (58. Kb3 $5 Rh2
59. a7 $16) 58... Ra1 59. Kb2 Rh1 60. a7 Rh8 61. Nd7+ Kf5 $1 {[%emt 0:00:00] aiming for ...Ra8.} 62. Nb6 {[%emt 0:00:07] Inhibits
Ra8.} c5 $1 63. bxc5 Be4 64.
Kc3 f3 $1 65. Kb4 Bc6 66. Ra2 Ke4 67. a8=Q Bxa8 68. Nxa8 Ke3 $2 {
[%emt 0:00:12] A mistake that costs the game.} (68... Rf8 $11) 69. Nb6 $1 $18 (69. Kxb5 f2 70. Rxf2 Kxf2 $11) 69... f2 $2 (
69... Rh1 70. Nd5+ (70. Kxb5 Rb1+ 71. Ka5 Rc1 $11) 70... Ke4) 70. Nd5+ $1 {
[%emt 0:00:14] White is clearly winning.} (70. Ra1 Ke2 $11) 70... Kf3 {[%emt 0:
00:22] [#]} 71. Ra3+ $1 ({Worse is} 71. Ra1 Rh4+ 72. Kxb5 Re4
$11) 71... Ke4 {[%emt 0:01:06] [#]} 72. Nc3+ $1 ({Weaker is} 
72. Ne3 Rh1 73. c6 (73. Kxb5 Re1 $11) 73... Rb1+ 74. Ka5 (74. Kc5 b4 $11) 74...
b4 $11) 72... Kf5 {[%emt 0:00:45] Weighted Error Value: White=0.12 (very
precise) /Black=0.10 (very precise)} 1-0

[Event "44th Chess Olympiad Open 2022"]
[Site "Chennai"]
[Date "2022.07.30"]
[Round "2.14"]
[White "Ziska, Helgi Dam"]
[Black "Abdusattorov, Nodirbek"]
[Result "0-1"]
[WhiteElo "2549"]
[BlackElo "2688"]
[Annotator "TA"]
[PlyCount "62"]
[EventDate "2022.??.??"]
[TimeControl "60"]

1. e4 c5 2. Nf3 Nc6 3. Bb5 e6 4. O-O Nge7 5. c3 a6 6. Ba4 b5 7. Bc2 Bb7 8. Re1 Rc8 9. a4 Ng6 {[%emt 0:13:30] B30: Sicilian: 2...Nc6 3 Bb5, lines without ...g6.}
10. Na3 b4 11. Nc4 Na5 {
[%emt 0:01:25] The position is equal.} 12. Nxa5 Qxa5 {[%emt 0:
00:00] [#]} 13. d4 $146 ({Predecessor:} 13. cxb4 Qxb4 14. b3
Be7 15. Bb2 O-O 16. h4 Bxh4 17. Nxh4 Nxh4 18. Bc3 Qb6 19. Qh5 {0-1 (39) Nedev,
T (2500)-Vallejo Pons,F (2694) Batumi 2019}) 13... c4 14. Be3 b3 15. Bb1 Be7 16. Nd2 O-O 17. Qe2 Qc7 18. Qh5 {[%emt 0:01:23] Against f5} (18. Qg4 {
seems wilder.} Nh4 19. Bf4 d6 20. g3) 18... f6 19. a5 Qc6 20. f4 Bd6 21. f5 exf5 22. Qxf5 Rfe8 23. Qg4 Bb8 24. h4 Qc7 (24... Ne7 $11) 25. h5 $2 ({Stronger than} 25. e5 fxe5 26. Bxg6 hxg6 $17) (25. Nf1 $1 $14 {keeps the
upper hand.}) 25... f5 (25... Qh2+ $17 26. Kf1 f5) 26. Qh3 $15
{[%emt 0:00:53] [#]} Nf4 $36 {[%emt 0:00:23] Black is in control.} ({Much
weaker is} 26... Qg3 27. Qxg3 Bxg3 28. Rf1 $11) 27. Qh4 fxe4 {
[%emt 0:04:41] Black is much more active.} 28. Nxe4 $2 {[%emt 0:07:29] Loses
the game.} Nxg2 $19 ({Weaker is} 28... Bxe4 29. Bxf4 Qc6 30.
Bxb8 Bxb1 31. Be5 $14) 29. Kxg2 Bxe4+ {[%emt 0:01:00]
Deflection} 30. Bxe4 {[%emt 0:00:06] [#]} Rxe4 $1 31. Qxe4 (31. Qh3 Rf8) 31... Qh2+ {[%emt 0:00:14] Skewer, Double Attack.
Weighted Error Value: White=0.91/Black=0.10 (very precise)} 0-1